Map: Alcyone LE

Players

Subwayeatn - Winner!

  • Race: Zerg Zerg
  • League: Platinum
  • Spawn Location: 7:00

rogerfenix

  • Race: Terran Terran
  • League: Platinum
  • Spawn Location: 1:00

VOD

Have the link to the VOD?

Description

Time

  • Played on: Nov. 3, 2023, 1:18 p.m.
  • Length: 16:21
Show
View Real Time Build Order
Export as new Build Order

Subwayeatn Zerg - Winner!

Build Orders: Hatch First 

Get SALT Encoding   

  12  0:00  Drone  
  13  0:12  Overlord  
  13  0:17  Drone  
  14  0:31  Drone x2  
  16  0:49  Hatchery  
  15  0:54  Extractor  
  15  0:55  Drone  
  15  1:09  Spawning Pool  
  14  1:13  Drone  
  14  1:16  Drone  
  16  1:30  Drone x2  
  18  1:59  Zergling x4  
  20  2:04  Queen x2  
  24  2:13  Metabolic Boost  
  24  2:20  Baneling Nest  
  25  2:22  Drone x2  
  25  2:29  Overlord  
  25  2:48  Queen  
  27  2:53  Drone x3  
  27  2:55  Drone  
  31  3:08  Overlord  
  31  3:14  Drone x3  
  34  3:22  Lair  
  34  3:28  Drone x3  
  37  3:34  Overlord  
  37  3:49  Overlord  
  37  3:55  Pneumatized Carapace  
  37  4:00  Drone x5  
  37  4:01  Drone  
  43  4:21  Centrifugal Hooks  
  43  4:29  Overlord  
  43  4:31  Zergling x2  
  43  4:32  Zergling x20  
  54  4:47  Baneling  
  54  4:48  Baneling x2  
  54  4:50  Overlord  
  54  4:56  Zergling x2  
  54  4:57  Zergling x8  
  59  5:08  Baneling x2  
  59  5:14  Baneling  
  57  5:34  Queen x2  
  59  5:36  Spine Crawler  
  59  5:39  Spine Crawler  
  59  5:42  Zergling x2  
  57  5:43  Zergling x18  
  54  6:09  Zergling x2  
  54  6:10  Zergling x16  
  60  6:23  Hatchery  
  56  7:04  Extractor  
  56  7:05  Extractor  
  54  7:09  Hatchery  
  54  7:12  Extractor  
  54  7:13  Baneling x4  
  52  7:17  Drone x3  
  52  7:18  Drone x3  
  58  7:33  Extractor  
  58  7:35  Queen  
  58  7:36  Extractor  
  56  7:51  Lair  
  56  7:59  Drone  
  56  8:00  Drone x2  
  56  8:02  Overlord  
  59  8:19  Drone x10  
  69  8:25  Evolution Chamber  
  69  8:26  Evolution Chamber  
  67  8:28  Overlord  
  67  8:31  Overlord  
  67  8:32  Overlord  
  67  9:07  Zerg Melee Weapons Level 1  
  67  9:08  Zerg Missile Weapons Level 1  
  67  9:10  Drone x18  
  67  9:11  Drone  
  67  9:16  Extractor x2  
  84  9:24  Hatchery  
  83  9:32  Overseer  
  83  9:35  Overseer  
  83  9:37  Overseer  
  83  10:04  Drone  
  83  10:05  Drone x6  
  90  10:08  Spire  
  90  10:13  Hydralisk Den  
  88  10:14  Drone  
  88  10:15  Drone x4  
  84  10:55  Queen  
  84  10:56  Drone x14  
  84  10:57  Drone x6  
  106  11:06  Zerg Melee Weapons Level 2, Zerg Missile Weapons Level 2  
  106  11:09  Grooved Spines  
  101  11:25  Overlord  
  101  11:28  Spine Crawler  
  101  11:31  Spore Crawler  
  101  11:32  Drone x2  
  101  11:33  Drone  
  101  11:39  Spine Crawler  
  101  11:42  Spine Crawler  
  101  11:44  Zerg Flyer Weapons Level 1  
  101  11:45  Zergling x10, Spore Crawler  
  104  11:49  Overlord x3  
  104  11:59  Muscular Augments  
  104  12:05  Overlord  
  104  12:22  Hydralisk  
  104  12:23  Hydralisk x15  
  104  12:29  Drone x2  
  138  12:32  Spine Crawler  
  138  12:36  Drone x4  
  138  12:37  Spore Crawler  
  137  12:48  Drone x3  
  134  12:54  Drone  
  134  12:55  Drone x2  
  136  12:58  Spore Crawler  
  135  13:17  Infestation Pit  
  134  13:23  Overlord x2  
  134  13:29  Overseer x2  
  132  13:38  Baneling Nest  
  131  13:42  Extractor, Hatchery  
  131  13:44  Extractor  
  110  14:33  Lair  
  110  14:39  Overlord x2  
  110  14:40  Overlord x2  
  110  14:44  Mutalisk  
  110  14:45  Mutalisk x19  
  112  14:46  Mutalisk x7  
  160  15:00  Drone x3  
  160  15:01  Drone x3  
  160  15:02  Drone  
  160  15:05  Queen  
  169  15:14  Overlord x2  
  169  15:35  Spore Crawler  
  168  15:37  Spore Crawler  
  168  15:39  Spine Crawler  
  166  15:45  Mutalisk  
  166  15:46  Mutalisk x16  
Show
View Real Time Build Order
Export as new Build Order

rogerfenix Terran 

Build Orders: 1/1/1 

Get SALT Encoding   

  12  0:02  SCV  
  13  0:14  SCV  
  14  0:23  Supply Depot  
  14  0:26  SCV  
  15  0:42  Refinery  
  15  0:44  SCV  
  15  0:47  Barracks  
  16  0:56  SCV  
  17  0:59  Refinery  
  17  1:09  SCV  
  18  1:21  SCV  
  19  1:35  Orbital Command  
  19  1:37  Factory  
  19  1:51  Supply Depot  
  19  2:04  Engineering Bay  
  19  2:12  SCV  
  20  2:24  Factory Tech Lab, SCV  
  20  2:27  Starport  
  20  2:28  Barracks Reactor  
  21  2:34  Starport  
  21  2:36  SCV  
  22  2:52  Siege Tank  
  22  2:58  SCV  
  26  3:04  Medivac  
  28  3:11  Marine  
  28  3:12  Supply Depot, Marine  
  30  3:29  Marine  
  30  3:34  Siege Tank, Marine  
  35  3:35  Supply Depot  
  35  3:36  Medivac  
  37  3:50  Marine  
  37  3:51  Marine  
  39  3:57  Supply Depot  
  39  4:06  Medivac  
  39  4:08  Marine  
  39  4:09  Marine  
  43  4:18  SCV  
  43  4:22  Siege Tank  
  47  4:26  Marine  
  47  4:27  Marine  
  47  4:30  SCV  
  50  4:42  Barracks, SCV  
  50  4:44  Marine  
  50  4:45  Marine  
  53  4:49  Starport Reactor  
  53  4:54  SCV  
  54  5:02  Marine  
  55  5:17  Command Center  
  55  5:24  Supply Depot  
  55  5:27  Supply Depot  
  55  5:28  Supply Depot  
  55  5:30  Marine  
  55  5:31  SCV  
  55  5:35  Liberator  
  55  5:47  Liberator  
  36  6:28  Orbital Command  
  29  7:10  SCV  
  30  7:22  SCV  
  31  7:34  SCV  
  32  7:38  Liberator  
  35  7:46  SCV  
  36  7:59  SCV  
  36  8:04  Supply Depot  
  36  8:05  Orbital Command  
  37  8:11  SCV  
  38  8:23  SCV  
  41  8:27  Widow Mine  
  41  8:30  SCV  
  42  8:35  SCV  
  43  8:43  Supply Depot  
  43  8:47  SCV  
  44  8:48  SCV  
  45  8:59  SCV  
  45  9:00  SCV  
  47  9:05  Factory Reactor  
  47  9:11  SCV  
  47  9:12  SCV  
  49  9:23  SCV  
  50  9:25  SCV  
  50  9:28  Barracks Tech Lab  
  51  9:31  Engineering Bay  
  51  9:35  SCV  
  51  9:37  SCV  
  53  9:46  Widow Mine x2  
  53  9:47  SCV  
  53  9:49  Combat Shield, SCV  
  60  10:00  SCV  
  60  10:01  SCV  
  60  10:05  Liberator  
  64  10:12  SCV  
  64  10:13  SCV  
  66  10:24  SCV  
  66  10:25  SCV  
  68  10:29  Widow Mine x2  
  68  10:33  Barracks Reactor  
  68  10:36  SCV  
  68  10:37  SCV  
  65  10:49  SCV  
  65  11:01  SCV  
  66  11:13  SCV  
  63  11:25  SCV  
  63  11:29  Refinery  
  63  11:31  Refinery  
  64  11:35  Viking  
  64  11:38  SCV  
  67  11:50  SCV  
  68  12:02  SCV  
  68  12:06  Command Center  
  69  12:09  Viking  
  69  12:14  SCV  
  72  12:26  SCV  
  73  12:39  SCV  
  74  12:45  SCV  
  74  12:51  SCV  
  76  12:55  Marauder  
  76  12:56  Marine x2  
  76  12:57  SCV  
  78  12:59  Terran Infantry Weapons Level 1  
  78  13:00  Medivac x2  
  78  13:03  SCV  
  83  13:09  SCV  
  84  13:14  Marine x2  
  84  13:15  SCV  
  84  13:17  Marauder  
  89  13:21  SCV  
  89  13:22  Orbital Command  
  90  13:27  SCV  
  90  13:30  Medivac x2  
  90  13:31  Barracks x2  
  90  13:32  Widow Mine x2, Marine x2  
  90  13:33  SCV  
  102  13:38  Barracks, Marauder  
  98  13:45  SCV  
  99  13:50  Marine x2  
  99  13:53  Widow Mine  
  99  13:55  SCV  
  104  13:57  SCV  
  104  14:00  Marauder  
  106  14:07  Stimpack  
  106  14:09  SCV  
  83  14:21  Marauder  
  83  14:23  Marine x2  
  81  14:28  Liberator x2  
  87  14:34  Marine x3  
  88  14:41  Marine x2  
  88  14:42  Marine  
  88  14:45  Supply Depot  
  91  14:52  Marine x3  
  94  14:59  Marine x2  
  95  15:00  Marine  
  96  15:09  Marine x2  
  96  15:10  Marine  
  92  15:16  Factory Tech Lab  
  92  15:17  Marine x3  
  95  15:27  Marine x3  
  98  15:34  Marine  
  98  15:35  Marine x2  
  80  15:45  Missile Turret, Marine x3  
  82  15:52  Marine x2  
  82  16:03  Marine x3  
Tags
 
Add a new tag
Caveats
  • Supply blocks, unpowered buildings, or Contaminate may cause inaccurate times.
  • Supply counts are checked every 10 seconds.